Edmonton Oilers vs Winnipeg Jets
(R2)
Created - Saturday, March 23, 2024 at 07:51
Goals
|
| Edmonton Oilers |
1 |
3 |
1 |
5 |
| Winnipeg Jets |
0 |
2 |
0 |
2 |
|
Shots
|
| Edmonton Oilers |
9 |
25 |
7 |
41 |
| Winnipeg Jets |
17 |
7 |
5 |
29 |
|
1st period
1. Edmonton Oilers , Adrian Kempe 16 (David Perron 13, Boone Jenner 26) at 3:15
Penalties :
Brandon Carlo (EDM) for Holding (Minor) at 4:14, Ty Smith (WPG) for Slashing (Minor) at 9:27, Calen Addison (WPG) for Hooking (Minor) at 13:38, Blake Wheeler (EDM) for Hooking (Minor) at 14:30, Barclay Goodrow (WPG) for Holding (Minor) at 19:17
2nd period
2. Edmonton Oilers , Dawson Mercer 4 (Jeff Carter 8) at 7:20
3. Winnipeg Jets , Alex DeBrincat 21 (Connor McDavid 29, Lucas Raymond 18) at 8:15
4. Winnipeg Jets , Alex DeBrincat 22 (Lucas Raymond 19, Spencer Knight) at 11:19 (PP)
5. Edmonton Oilers , Derek Grant 4 (Tanner Jeannot 3, Evan Bouchard 20) at 13:26
6. Edmonton Oilers , Boone Jenner 16 (Brock Boeser 25) at 18:12 (PP)
Penalties :
Dante Fabbro (WPG) for High sticking (Minor) at 1:38, Blake Wheeler (EDM) for Diving (Minor) at 11:10, Nick Suzuki (WPG) for Fighting (Major) at 15:07, Rasmus Ristolainen (EDM) for Fighting (Major) at 15:07, Barclay Goodrow (WPG) for Hooking (Minor) at 17:03
3rd period
7. Edmonton Oilers , Jake DeBrusk 8 (David Perron 14) at 5:38
Penalties :
David Perron (EDM) for Roughing (Double Minor) at 1:24, Evan Bouchard (EDM) for Interference (Minor) at 7:21, Blake Wheeler (EDM) for Holding (Minor) at 11:52, Dylan Samberg (WPG) for Roughing (Minor) at 15:48, Blake Wheeler (EDM) for Hooking (Minor) at 19:05
Goalie Stats
Juuse Saros (EDM), 27 saves from 29 shots - (0.931), W, 22-13-1, 60:00 minutes
Spencer Knight (WPG), 36 saves from 41 shots - (0.878), L, 11-14-6, 60:00 minutes
Players Stats for Edmonton Oilers
Player Name G A P +/- PIM S H SB GA TA FO MP PP MP PK MP
------------------------------------------------------------------------------------
Adrian Kempe 1 0 1 1 0 3 0 0 1 0 1/5 16:30 5:50 0:00
Alex Iafallo 0 0 0 0 0 4 0 0 0 0 1/1 13:19 0:05 5:17
Blake Wheeler 0 0 0 0 8 2 0 0 0 0 0/0 13:43 6:13 0:00
Boone Jenner 1 1 2 1 0 6 2 0 0 2 10/25 17:34 5:55 0:50
Brandon Carlo 0 0 0 0 2 1 0 0 0 0 0/0 19:25 0:00 4:29
Brett Pesce 0 0 0 3 0 1 0 0 0 1 0/0 15:07 3:48 2:16
Brock Boeser 0 1 1 -1 0 3 1 0 2 0 0/0 17:45 5:50 0:09
David Perron 0 2 2 2 4 3 3 0 1 0 1/1 15:36 4:02 0:01
Dawson Mercer 1 0 1 3 0 2 0 0 1 0 0/0 10:53 3:48 0:19
Derek Grant 1 0 1 2 0 2 0 0 1 0 5/10 12:20 0:00 5:23
Evan Bouchard 0 1 1 1 2 5 1 1 1 0 0/0 20:55 6:09 0:41
Jacob Trouba 0 0 0 0 0 1 1 1 1 1 0/0 20:52 0:00 6:04
Jake DeBrusk 1 0 1 0 0 1 1 1 0 0 0/2 15:21 4:02 0:04
Jeff Carter 0 1 1 0 0 2 0 0 1 1 1/7 12:42 0:00 5:04
Mikael Backlund 0 0 0 -1 0 2 2 1 0 1 7/14 17:47 4:02 1:12
Rasmus Ristolainen 0 0 0 0 5 0 0 2 0 0 0/0 18:35 0:00 5:06
Scott Mayfield 0 0 0 2 0 2 1 2 0 2 0/0 16:10 0:00 5:06
Tanner Jeannot 0 1 1 2 0 1 2 0 0 0 0/0 12:20 0:00 5:23
Players Stats for Winnipeg Jets
Player Name G A P +/- PIM S H SB GA TA FO MP PP MP PK MP
------------------------------------------------------------------------------------
Alex DeBrincat 2 0 2 -1 0 2 1 1 0 0 2/6 21:23 5:01 4:55
Andrew Cogliano 0 0 0 -1 0 1 2 0 0 1 1/1 15:50 5:42 0:00
Barclay Goodrow 0 0 0 0 4 2 2 0 2 0 0/0 10:50 0:46 0:00
Calen Addison 0 0 0 -1 2 0 1 1 0 0 0/0 16:53 5:58 0:01
Connor McDavid 0 1 1 -1 0 4 2 1 1 0 21/33 21:38 5:13 5:02
Dante Fabbro 0 0 0 -1 2 1 1 1 0 1 0/0 25:49 5:55 3:53
Dylan Samberg 0 0 0 -1 2 0 0 2 0 1 0/0 22:36 5:49 3:50
Joel Armia 0 0 0 0 0 2 1 1 0 0 0/1 10:16 0:00 0:25
Jordan Harris 0 0 0 -1 0 1 0 0 0 0 0/0 16:36 0:00 5:02
Kaapo Kakko 0 0 0 -1 0 3 0 0 1 0 0/0 15:57 5:49 0:00
Klim Kostin 0 0 0 -1 0 1 1 0 1 0 0/0 6:07 0:29 0:00
Lucas Raymond 0 2 2 -1 0 4 1 0 0 1 1/1 21:34 5:00 5:07
Matthew Beniers 0 0 0 0 0 2 2 0 2 1 6/8 12:07 0:45 0:00
Nathan Beaulieu 0 0 0 -1 0 1 1 2 0 3 0/0 26:46 5:43 5:20
Nick Suzuki 0 0 0 -1 5 5 2 0 1 0 6/10 20:07 5:58 4:25
Pius Suter 0 0 0 -1 0 0 0 0 0 0 0/1 6:30 0:41 0:01
Sam Steel 0 0 0 -1 0 0 0 0 0 0 2/4 5:38 0:00 0:00
Ty Smith 0 0 0 -1 2 0 1 0 0 1 0/0 12:12 0:26 1:47
3 Stars
1 - Boone Jenner (EDM)
2 - Dawson Mercer (EDM)
3 - Derek Grant (EDM)
Power Play
Edmonton Oilers - 1 on 6 Attempt(s) - 16.67%
Winnipeg Jets - 1 on 8 Attempt(s) - 12.50%
Penalty Kill
Edmonton Oilers - 7 on 8 Attempt(s) - 87.50%
- Score 0 goal in Penalty Kill
Winnipeg Jets - 5 on 6 Attempt(s) - 83.33%
- Score 0 goal in Penalty Kill
Team Stat
Edmonton Oilers - Hits : 14 - Faceoff Wins : 26 - Blocked Shots : 8 - Penalty Minutes : 21
Winnipeg Jets - Hits : 18 - Faceoff Wins : 39 - Blocked Shots : 9 - Penalty Minutes : 17
Official
Referees : Tom Kowal and Garrett Rank
Linesman : Brian Murphy and Mark Wheler
Game Notes
Nick Suzuki beats up Rasmus Ristolainen at 15:07 of 2nd period
Finance
Level 1 -- Attendance: 5521 (92.02%) -- Ticket Income $507,932
Level 2 -- Attendance: 4905 (98.10%) -- Ticket Income $269,775
Level 3 -- Attendance: 2830 (94.33%) -- Ticket Income $84,900
Level 4 -- Attendance: 4553 (91.06%) -- Ticket Income $100,166
Luxury Box -- Attendance: 870 (87.00%) -- Ticket Income $165,300
Game was played at the MTS Centre.
Total Attendance: 18679 (93.40%)
Total Ticket Income: $1,128,073
Other Income: $394,826
Total Income: $1,522,899
Edmonton Oilers
5 vs 5 Forward
Center Left Wing Right Wing Time % Phy DF OF
1 Boone Jenner Adrian Kempe David Perron 34 1 1 3
2 Mikael Backlund Jake DeBrusk Brock Boeser 34 0 2 3
3 Jeff Carter Alex Iafallo Blake Wheeler 20 1 2 2
4 Derek Grant Tanner Jeannot Dawson Mercer 12 1 3 1
5 vs 5 Defense
Defense Defense Time % Phy DF OF
1 Jacob Trouba Brandon Carlo 35 1 3 1
2 Rasmus Ristolainen Evan Bouchard 35 0 2 3
3 Brett Pesce Scott Mayfield 25 1 3 1
4 Brandon Carlo Scott Mayfield 5 1 4 0
PowerPlay Forward
Center Left Wing Right Wing Time % Phy DF OF
1 Boone Jenner Adrian Kempe Brock Boeser 60 1 0 4
2 Mikael Backlund Jake DeBrusk David Perron 40 1 0 4
PowerPlay Defense
Defense Defense Time % Phy DF OF
1 Evan Bouchard Blake Wheeler 60 1 1 3
2 Brett Pesce Dawson Mercer 40 0 2 3
Penalty Kill 4 Players Forward
Center Wing Time % Phy DF OF
1 Derek Grant Tanner Jeannot 53 1 4 0
2 Jeff Carter Alex Iafallo 47 1 4 0
Penalty Kill 4 Players Defense
Defense Defense Time % Phy DF OF
1 Brandon Carlo Jacob Trouba 50 2 3 0
2 Scott Mayfield Rasmus Ristolainen 50 2 3 0
Penalty Kill - 3 Players Forward
Forward Time % Phy DF OF
1 Derek Grant 50 1 4 0
2 Mikael Backlund 50 1 4 0
Penalty Kill - 3 Players Defense
Defense Defense Time % Phy DF OF
1 Brandon Carlo Jacob Trouba 50 1 4 0
2 Scott Mayfield Rasmus Ristolainen 50 1 4 0
4 vs 4 Forward
Center Wing Time % Phy DF OF
1 Boone Jenner Adrian Kempe 50 1 2 2
2 Mikael Backlund Brock Boeser 50 0 2 3
4 vs 4 Defense
Defense Defense Time % Phy DF OF
1 Jacob Trouba Brandon Carlo 50 1 3 1
2 Rasmus Ristolainen Evan Bouchard 50 1 1 3
Last Minutes Offensive
Center Left Wing Right Wing Defense Defense
Boone Jenner Adrian Kempe Brock Boeser Brett Pesce Evan Bouchard
Last Minutes Defensive
Center Left Wing Right Wing Defense Defense
Mikael Backlund Derek Grant Tanner Jeannot Brandon Carlo Scott Mayfield
Goaltenders
Starting : Juuse Saros
Backup : Matt Murray
Extra Forwards
Normal : Brock Boeser, Adrian Kempe, Boone Jenner - PP : Jake DeBrusk, Brock Boeser - PK : Mikael Backlund
Extra Defensemen
Normal : Evan Bouchard, Jacob Trouba, Brandon Carlo - PP : Jacob Trouba - PK : Brett Pesce, Brandon Carlo
Penalty Shots
Boone Jenner, Adrian Kempe, Brock Boeser, Jake DeBrusk, Dawson Mercer
Winnipeg Jets
5 vs 5 Forward
Center Left Wing Right Wing Time % Phy DF OF
1 Connor McDavid Alex DeBrincat Lucas Raymond 30 1 2 2
2 Nick Suzuki Andrew Cogliano Kaapo Kakko 30 1 2 2
3 Matthew Beniers Barclay Goodrow Joel Armia 25 1 2 2
4 Sam Steel Pius Suter Klim Kostin 15 1 2 2
5 vs 5 Defense
Defense Defense Time % Phy DF OF
1 Dante Fabbro Nathan Beaulieu 30 1 2 2
2 Dylan Samberg Calen Addison 30 1 2 2
3 Jordan Harris Ty Smith 25 1 2 2
4 Dante Fabbro Nathan Beaulieu 15 1 2 2
PowerPlay Forward
Center Left Wing Right Wing Time % Phy DF OF
1 Connor McDavid Alex DeBrincat Lucas Raymond 50 1 2 2
2 Nick Suzuki Andrew Cogliano Kaapo Kakko 50 1 2 2
PowerPlay Defense
Defense Defense Time % Phy DF OF
1 Dante Fabbro Nathan Beaulieu 50 1 2 2
2 Dylan Samberg Calen Addison 50 1 2 2
Penalty Kill 4 Players Forward
Center Wing Time % Phy DF OF
1 Connor McDavid Nick Suzuki 50 1 2 2
2 Alex DeBrincat Lucas Raymond 50 1 2 2
Penalty Kill 4 Players Defense
Defense Defense Time % Phy DF OF
1 Dante Fabbro Nathan Beaulieu 50 1 2 2
2 Jordan Harris Dylan Samberg 50 1 2 2
Penalty Kill - 3 Players Forward
Forward Time % Phy DF OF
1 Connor McDavid 50 1 2 2
2 Nick Suzuki 50 1 2 2
Penalty Kill - 3 Players Defense
Defense Defense Time % Phy DF OF
1 Dante Fabbro Nathan Beaulieu 50 1 2 2
2 Jordan Harris Ty Smith 50 1 2 2
4 vs 4 Forward
Center Wing Time % Phy DF OF
1 Connor McDavid Nick Suzuki 50 1 2 2
2 Alex DeBrincat Lucas Raymond 50 1 2 2
4 vs 4 Defense
Defense Defense Time % Phy DF OF
1 Dante Fabbro Nathan Beaulieu 50 1 2 2
2 Dylan Samberg Jordan Harris 50 1 2 2
Last Minutes Offensive
Center Left Wing Right Wing Defense Defense
Connor McDavid Alex DeBrincat Lucas Raymond Dante Fabbro Nathan Beaulieu
Last Minutes Defensive
Center Left Wing Right Wing Defense Defense
Connor McDavid Alex DeBrincat Lucas Raymond Dante Fabbro Nathan Beaulieu
Goaltenders
Starting : Spencer Knight
Backup : Ukko-Pekka Luukkonen
Extra Forwards
Normal : Matthew Beniers, Barclay Goodrow, Joel Armia - PP : Matthew Beniers, Barclay Goodrow - PK : Joel Armia
Extra Defensemen
Normal : Dylan Samberg, Jordan Harris, Nathan Beaulieu - PP : Dylan Samberg - PK : Jordan Harris, Nathan Beaulieu
Penalty Shots
Connor McDavid, Nick Suzuki, Alex DeBrincat, Lucas Raymond, Matthew Beniers
% Time on Ice - Edmonton Oilers
Lines # - Real PCT - Wanted PCT - Time Play
Normal Forward
1 - 32% - 34% - 11:55
2 - 30% - 34% - 11:16
3 - 20% - 20% - 7:22
4 - 18% - 12% - 6:32
Normal Defense
1 - 36% - 35% - 13:22
2 - 39% - 35% - 14:32
3 - 23% - 25% - 8:28
4 - 2% - 5% - 0:43
PP Forward
1 - 59% - 60% - 5:55
2 - 41% - 40% - 4:02
PP Defense
1 - 62% - 60% - 6:09
2 - 38% - 40% - 3:48
PK Forward
1 - 56% - 53% - 6:38
2 - 44% - 47% - 5:13
PK Defense
1 - 53% - 50% - 6:16
2 - 47% - 50% - 5:35
PK3 Forward
1 - 0% - 50%
2 - 0% - 50%
PK3 Defense
1 - 0% - 50%
2 - 0% - 50%
44 Forward
1 - 51% - 50% - 0:34
2 - 49% - 50% - 0:33
44 Defense
1 - 31% - 50% - 0:21
2 - 69% - 50% - 0:46
Last Minute Offensive - 0:00
Last Minute Defensive - 0:00
Total
Forward - 60:00
Defense - 60:00
|
% Time on Ice - Winnipeg Jets
Lines # - Real PCT - Wanted PCT - Time Play
Normal Forward
1 - 29% - 30% - 10:44
2 - 29% - 30% - 10:52
3 - 27% - 25% - 9:51
4 - 15% - 15% - 5:38
Normal Defense
1 - 32% - 30% - 11:56
2 - 34% - 30% - 12:30
3 - 26% - 25% - 9:31
4 - 8% - 15% - 3:08
PP Forward
1 - 48% - 50% - 5:38
2 - 52% - 50% - 6:13
PP Defense
1 - 51% - 50% - 6:02
2 - 49% - 50% - 5:49
PK Forward
1 - 51% - 50% - 5:02
2 - 49% - 50% - 4:55
PK Defense
1 - 42% - 50% - 4:08
2 - 58% - 50% - 5:49
PK3 Forward
1 - 0% - 50%
2 - 0% - 50%
PK3 Defense
1 - 0% - 50%
2 - 0% - 50%
44 Forward
1 - 58% - 50% - 0:39
2 - 42% - 50% - 0:28
44 Defense
1 - 58% - 50% - 0:39
2 - 42% - 50% - 0:28
Last Minute Offensive - 0:00
Last Minute Defensive - 0:00
Total
Forward - 60:00
Defense - 60:00
|
Play-by-Play
1st period
0:01 of 1st period - Boone Jenner wins face-off versus Connor McDavid in neutral zone.
0:26 of 1st period - Nathan Beaulieu is hit by Brock Boeser and loses puck.
1:11 of 1st period - Snap shot by Derek Grant.
1:11 of 1st period - Shot Blocked by Dylan Samberg.
2:23 of 1st period - Wrist shot by Barclay Goodrow.
2:23 of 1st period - Stopped by Juuse Saros without a rebound.
2:24 of 1st period - Mikael Backlund wins face-off versus Connor McDavid in Edmonton Oilers zone.
2:50 of 1st period - Mikael Backlund is hit by Klim Kostin and loses puck.
2:59 of 1st period - Snap shot by Mikael Backlund.
2:59 of 1st period - Shot Misses the Net.
3:01 of 1st period - Snap shot by Mikael Backlund.
3:01 of 1st period - Stopped by Spencer Knight with a rebound.
3:03 of 1st period - Slapshot by Brandon Carlo.
3:03 of 1st period - Stopped by Spencer Knight with a rebound.
3:07 of 1st period - Wrist shot by Brock Boeser.
3:07 of 1st period - Shot Misses the Net.
3:09 of 1st period - Slapshot by Jacob Trouba.
3:09 of 1st period - Stopped by Spencer Knight without a rebound.
3:10 of 1st period - Boone Jenner wins face-off versus Nick Suzuki in Winnipeg Jets zone.
3:15 of 1st period - Snap shot by Adrian Kempe.
3:15 of 1st period - Goal by Adrian Kempe - Edmonton Oilers : 1 - Winnipeg Jets : 0.
3:16 of 1st period - Nick Suzuki wins face-off versus Boone Jenner in neutral zone.
3:52 of 1st period - Icing by Brandon Carlo.
3:53 of 1st period - Sam Steel wins face-off versus Jeff Carter in Edmonton Oilers zone.
4:14 of 1st period - Minor Penalty to Brandon Carlo for Holding.
4:15 of 1st period - Derek Grant wins face-off versus Connor McDavid in Edmonton Oilers zone.
6:00 of 1st period - Wrist shot by Derek Grant.
6:00 of 1st period - Shot Misses the Net.
6:02 of 1st period - Wrist shot by Scott Mayfield.
6:02 of 1st period - Stopped by Spencer Knight with a rebound.
6:04 of 1st period - Slapshot by Rasmus Ristolainen.
6:04 of 1st period - Shot Misses the Net.
6:06 of 1st period - Snap shot by Tanner Jeannot.
6:06 of 1st period - Shot Misses the Net.
6:14 of 1st period - Penalty to Brandon Carlo is over, Brandon Carlo is back on ice.
6:32 of 1st period - Snap shot by Nick Suzuki.
6:32 of 1st period - Shot Blocked by Scott Mayfield.
6:34 of 1st period - Snap shot by Kaapo Kakko.
6:34 of 1st period - Shot Hit the Post.
6:36 of 1st period - Snap shot by Nick Suzuki.
6:36 of 1st period - Shot Misses the Net.
6:38 of 1st period - Snap shot by Andrew Cogliano.
6:38 of 1st period - Deflect By Nick Suzuki.
6:38 of 1st period - Stopped by Juuse Saros without a rebound.
6:39 of 1st period - Connor McDavid wins face-off versus Mikael Backlund in Edmonton Oilers zone.
6:42 of 1st period - Snap shot by Lucas Raymond.
6:42 of 1st period - Stopped by Juuse Saros with a rebound.
6:44 of 1st period - Slapshot by Dante Fabbro.
6:44 of 1st period - Stopped by Juuse Saros without a rebound.
6:45 of 1st period - Connor McDavid wins face-off versus Jake DeBrusk in Edmonton Oilers zone.
6:54 of 1st period - Evan Bouchard is hit by Lucas Raymond and loses puck.
7:30 of 1st period - Snap shot by Connor McDavid.
7:30 of 1st period - Shot Blocked by Jake DeBrusk.
7:32 of 1st period - Slapshot by Connor McDavid.
7:32 of 1st period - Stopped by Juuse Saros without a rebound.
7:33 of 1st period - Boone Jenner wins face-off versus Pius Suter in Edmonton Oilers zone.
7:44 of 1st period - Backhand shot by Boone Jenner.
7:44 of 1st period - Stopped by Spencer Knight without a rebound.
7:45 of 1st period - Sam Steel wins face-off versus Adrian Kempe in Winnipeg Jets zone.
8:42 of 1st period - Snap shot by Lucas Raymond.
8:42 of 1st period - Stopped by Juuse Saros without a rebound.
8:43 of 1st period - Connor McDavid wins face-off versus Boone Jenner in Edmonton Oilers zone.
9:27 of 1st period - Minor Penalty to Ty Smith for Slashing.
9:28 of 1st period - Connor McDavid wins face-off versus Boone Jenner in Winnipeg Jets zone.
10:01 of 1st period - Snap shot by David Perron.
10:01 of 1st period - Stopped by Spencer Knight with a rebound.
10:03 of 1st period - Slapshot by Evan Bouchard.
10:03 of 1st period - Shot Blocked by Nathan Beaulieu.
10:05 of 1st period - Snap shot by Mikael Backlund.
10:05 of 1st period - Shot Misses the Net.
11:27 of 1st period - Penalty to Ty Smith is over, Ty Smith is back on ice.
11:33 of 1st period - Wrist shot by Brock Boeser.
11:33 of 1st period - Shot Misses the Net.
11:53 of 1st period - Snap shot by Alex DeBrincat.
11:53 of 1st period - Deflect By Lucas Raymond.
11:53 of 1st period - Stopped by Juuse Saros with a rebound.
11:55 of 1st period - Snap shot by Lucas Raymond.
11:55 of 1st period - Stopped by Juuse Saros without a rebound.
11:56 of 1st period - Matthew Beniers wins face-off versus Jeff Carter in Edmonton Oilers zone.
12:40 of 1st period - Backhand shot by Alex Iafallo.
12:40 of 1st period - Stopped by Spencer Knight with a rebound.
12:42 of 1st period - Wrist shot by Jeff Carter.
12:42 of 1st period - Shot Hit the Post.
12:44 of 1st period - Slapshot by Jacob Trouba.
12:44 of 1st period - Deflect By Blake Wheeler.
12:44 of 1st period - Shot Misses the Net.
12:44 of 1st period - Puck is out of play.
12:45 of 1st period - Boone Jenner wins face-off versus Matthew Beniers in Winnipeg Jets zone.
12:52 of 1st period - Snap shot by Boone Jenner.
12:52 of 1st period - Shot Hit the Post.
13:02 of 1st period - Boone Jenner is hit by Matthew Beniers and loses puck.
13:19 of 1st period - Off-side.
13:20 of 1st period - Connor McDavid wins face-off versus Jake DeBrusk in neutral zone.
13:32 of 1st period - Brock Boeser is hit by Alex DeBrincat and loses puck.
13:38 of 1st period - Minor Penalty to Calen Addison for Hooking.
13:39 of 1st period - Boone Jenner wins face-off versus Alex DeBrincat in Winnipeg Jets zone.
14:30 of 1st period - Minor Penalty to Blake Wheeler for Hooking.
14:31 of 1st period - Boone Jenner wins face-off versus Connor McDavid in Edmonton Oilers zone.
14:38 of 1st period - Wrist shot by Adrian Kempe.
14:38 of 1st period - Stopped by Spencer Knight with a rebound.
14:44 of 1st period - Snap shot by Connor McDavid.
14:44 of 1st period - Shot Misses the Net.
14:46 of 1st period - Snap shot by Connor McDavid.
14:46 of 1st period - Stopped by Juuse Saros without a rebound.
14:47 of 1st period - Mikael Backlund wins face-off versus Alex DeBrincat in Edmonton Oilers zone.
14:52 of 1st period - Lucas Raymond is hit by Mikael Backlund and loses puck.
15:32 of 1st period - Snap shot by Connor McDavid.
15:32 of 1st period - Stopped by Juuse Saros without a rebound.
15:33 of 1st period - Connor McDavid wins face-off versus Mikael Backlund in Edmonton Oilers zone.
15:36 of 1st period - Snap shot by Nick Suzuki.
15:36 of 1st period - Stopped by Juuse Saros without a rebound.
15:37 of 1st period - Connor McDavid wins face-off versus Mikael Backlund in Edmonton Oilers zone.
15:38 of 1st period - Penalty to Calen Addison is over, Calen Addison is back on ice.
15:46 of 1st period - Snap shot by Nick Suzuki.
15:46 of 1st period - Stopped by Juuse Saros without a rebound.
15:47 of 1st period - Derek Grant wins face-off versus Connor McDavid in Edmonton Oilers zone.
15:47 of 1st period - Derek Grant is hit by Connor McDavid.
16:30 of 1st period - Penalty to Blake Wheeler is over, Blake Wheeler is back on ice.
16:30 of 1st period - Dante Fabbro is hit by Scott Mayfield and loses puck.
16:45 of 1st period - Slapshot by Barclay Goodrow.
16:45 of 1st period - Stopped by Juuse Saros with a rebound.
16:47 of 1st period - Snap shot by Jordan Harris.
16:47 of 1st period - Shot Blocked by Scott Mayfield.
16:49 of 1st period - Wrist shot by Matthew Beniers.
16:49 of 1st period - Stopped by Juuse Saros without a rebound.
16:50 of 1st period - Alex DeBrincat wins face-off versus Boone Jenner in Edmonton Oilers zone.
16:54 of 1st period - Icing by Jacob Trouba.
16:55 of 1st period - Connor McDavid wins face-off versus Adrian Kempe in Edmonton Oilers zone.
17:52 of 1st period - Snap shot by Blake Wheeler.
17:52 of 1st period - Shot Blocked by Joel Armia.
18:04 of 1st period - Snap shot by Matthew Beniers.
18:04 of 1st period - Shot Misses the Net.
18:06 of 1st period - Snap shot by Sam Steel.
18:06 of 1st period - Shot Blocked by Evan Bouchard.
18:08 of 1st period - Slapshot by Pius Suter.
18:08 of 1st period - Shot Blocked by Rasmus Ristolainen.
18:10 of 1st period - Snap shot by Klim Kostin.
18:10 of 1st period - Stopped by Juuse Saros with a rebound.
18:28 of 1st period - Wrist shot by Nick Suzuki.
18:28 of 1st period - Stopped by Juuse Saros with a rebound.
18:30 of 1st period - Slapshot by Nathan Beaulieu.
18:30 of 1st period - Shot Misses the Net.
18:32 of 1st period - Wrist shot by Nick Suzuki.
18:32 of 1st period - Shot Hit the Post.
18:34 of 1st period - Wrist shot by Kaapo Kakko.
18:34 of 1st period - Stopped by Juuse Saros with a rebound.
18:46 of 1st period - Wrist shot by Alex DeBrincat.
18:46 of 1st period - Shot Misses the Net.
19:17 of 1st period - Minor Penalty to Barclay Goodrow for Holding.
19:18 of 1st period - Connor McDavid wins face-off versus Boone Jenner in Winnipeg Jets zone.
19:39 of 1st period - Icing by Mikael Backlund.
19:40 of 1st period - Mikael Backlund wins face-off versus Connor McDavid in Edmonton Oilers zone.
Goals for this period are 1 for Edmonton Oilers vs 0 for Winnipeg Jets.
Shots for this period are 9 for Edmonton Oilers vs 17 for Winnipeg Jets.
2nd period
0:01 of 2nd period - Boone Jenner wins face-off versus Connor McDavid in neutral zone.
1:17 of 2nd period - Penalty to Barclay Goodrow is over, Barclay Goodrow is back on ice.
1:38 of 2nd period - Minor Penalty to Dante Fabbro for High sticking.
1:39 of 2nd period - Connor McDavid wins face-off versus Boone Jenner in Winnipeg Jets zone.
1:49 of 2nd period - Wrist shot by Brock Boeser.
1:49 of 2nd period - Deflect By Boone Jenner.
1:49 of 2nd period - Stopped by Spencer Knight with a rebound.
1:53 of 2nd period - Slapshot by Brock Boeser.
1:53 of 2nd period - Shot Misses the Net.
2:11 of 2nd period - Snap shot by Evan Bouchard.
2:11 of 2nd period - Stopped by Spencer Knight with a rebound.
2:13 of 2nd period - Wrist shot by David Perron.
2:13 of 2nd period - Shot Misses the Net.
2:15 of 2nd period - Slapshot by Blake Wheeler.
2:15 of 2nd period - Stopped by Spencer Knight with a rebound.
2:33 of 2nd period - Nick Suzuki is hit by Jake DeBrusk and loses puck.
3:01 of 2nd period - Icing by Jake DeBrusk.
3:02 of 2nd period - Mikael Backlund wins face-off versus Alex DeBrincat in Edmonton Oilers zone.
3:38 of 2nd period - Penalty to Dante Fabbro is over, Dante Fabbro is back on ice.
3:48 of 2nd period - Slapshot by Jeff Carter.
3:48 of 2nd period - Shot Misses the Net.
3:50 of 2nd period - Snap shot by Jeff Carter.
3:50 of 2nd period - Stopped by Spencer Knight with a rebound.
3:52 of 2nd period - Wrist shot by Alex Iafallo.
3:52 of 2nd period - Stopped by Spencer Knight with a rebound.
6:32 of 2nd period - Wrist shot by Matthew Beniers.
6:32 of 2nd period - Stopped by Juuse Saros without a rebound.
6:33 of 2nd period - Mikael Backlund wins face-off versus Sam Steel in Edmonton Oilers zone.
6:46 of 2nd period - Evan Bouchard is hit by Ty Smith and loses puck.
6:59 of 2nd period - Jordan Harris is hit by Evan Bouchard and loses puck.
7:20 of 2nd period - Snap shot by Dawson Mercer.
7:20 of 2nd period - Goal by Dawson Mercer - Edmonton Oilers : 2 - Winnipeg Jets : 0.
7:21 of 2nd period - David Perron wins face-off versus Connor McDavid in neutral zone.
7:24 of 2nd period - Snap shot by David Perron.
7:24 of 2nd period - Stopped by Spencer Knight with a rebound.
7:26 of 2nd period - Snap shot by Boone Jenner.
7:26 of 2nd period - Stopped by Spencer Knight with a rebound.
7:28 of 2nd period - Wrist shot by David Perron.
7:28 of 2nd period - Stopped by Spencer Knight with a rebound.
7:30 of 2nd period - Slapshot by Brett Pesce.
7:30 of 2nd period - Stopped by Spencer Knight without a rebound.
7:31 of 2nd period - Boone Jenner wins face-off versus Connor McDavid in Winnipeg Jets zone.
7:40 of 2nd period - Snap shot by Boone Jenner.
7:40 of 2nd period - Stopped by Spencer Knight without a rebound.
7:41 of 2nd period - Nick Suzuki wins face-off versus Boone Jenner in Winnipeg Jets zone.
7:41 of 2nd period - Nick Suzuki is hit by David Perron.
7:53 of 2nd period - Slapshot by Adrian Kempe.
7:53 of 2nd period - Shot Misses the Net.
8:15 of 2nd period - Snap shot by Alex DeBrincat.
8:15 of 2nd period - Goal by Alex DeBrincat - Edmonton Oilers : 2 - Winnipeg Jets : 1.
8:16 of 2nd period - Andrew Cogliano wins face-off versus Mikael Backlund in neutral zone.
8:21 of 2nd period - Slapshot by Brock Boeser.
8:21 of 2nd period - Stopped by Spencer Knight with a rebound.
8:46 of 2nd period - Slapshot by Nathan Beaulieu.
8:46 of 2nd period - Stopped by Juuse Saros without a rebound.
8:47 of 2nd period - Lucas Raymond wins face-off versus Jeff Carter in Edmonton Oilers zone.
9:04 of 2nd period - Wrist shot by Connor McDavid.
9:04 of 2nd period - Shot Blocked by Rasmus Ristolainen.
9:36 of 2nd period - Wrist shot by Kaapo Kakko.
9:36 of 2nd period - Stopped by Juuse Saros without a rebound.
9:37 of 2nd period - Mikael Backlund wins face-off versus Nick Suzuki in Edmonton Oilers zone.
9:42 of 2nd period - Brandon Carlo is hit by Andrew Cogliano and loses puck.
10:23 of 2nd period - Snap shot by Brock Boeser.
10:23 of 2nd period - Stopped by Spencer Knight with a rebound.
10:29 of 2nd period - Wrist shot by Kaapo Kakko.
10:29 of 2nd period - Stopped by Juuse Saros with a rebound.
10:31 of 2nd period - Wrist shot by Andrew Cogliano.
10:31 of 2nd period - Shot Misses the Net.
10:33 of 2nd period - Snap shot by Andrew Cogliano.
10:33 of 2nd period - Stopped by Juuse Saros without a rebound.
10:34 of 2nd period - Connor McDavid wins face-off versus Boone Jenner in Edmonton Oilers zone.
11:10 of 2nd period - Minor Penalty to Blake Wheeler for Diving.
11:11 of 2nd period - Derek Grant wins face-off versus Connor McDavid in Edmonton Oilers zone.
11:19 of 2nd period - Wrist shot by Alex DeBrincat.
11:19 of 2nd period - Goal by Alex DeBrincat - Edmonton Oilers : 2 - Winnipeg Jets : 2.
11:20 of 2nd period - Connor McDavid wins face-off versus Boone Jenner in neutral zone.
12:08 of 2nd period - Slapshot by Evan Bouchard.
12:08 of 2nd period - Shot Blocked by Dante Fabbro.
12:32 of 2nd period - Slapshot by Dante Fabbro.
12:32 of 2nd period - Shot Blocked by Jacob Trouba.
12:52 of 2nd period - Snap shot by Jacob Trouba.
12:52 of 2nd period - Shot Blocked by Alex DeBrincat.
12:54 of 2nd period - Wrist shot by Tanner Jeannot.
12:54 of 2nd period - Shot Misses the Net.
12:56 of 2nd period - Wrist shot by Dawson Mercer.
12:56 of 2nd period - Stopped by Spencer Knight without a rebound.
12:57 of 2nd period - Connor McDavid wins face-off versus Derek Grant in Winnipeg Jets zone.
13:14 of 2nd period - Snap shot by Evan Bouchard.
13:14 of 2nd period - Stopped by Spencer Knight with a rebound.
13:16 of 2nd period - Slapshot by Evan Bouchard.
13:16 of 2nd period - Stopped by Spencer Knight with a rebound.
13:18 of 2nd period - Slapshot by Evan Bouchard.
13:18 of 2nd period - Shot Blocked by Connor McDavid.
13:20 of 2nd period - Snap shot by Derek Grant.
13:20 of 2nd period - Stopped by Spencer Knight with a rebound.
13:22 of 2nd period - Wrist shot by Tanner Jeannot.
13:22 of 2nd period - Stopped by Spencer Knight with a rebound.
13:24 of 2nd period - Snap shot by Tanner Jeannot.
13:24 of 2nd period - Shot Blocked by Dylan Samberg.
13:26 of 2nd period - Slapshot by Derek Grant.
13:26 of 2nd period - Goal by Derek Grant - Edmonton Oilers : 3 - Winnipeg Jets : 2.
13:27 of 2nd period - Connor McDavid wins face-off versus Boone Jenner in neutral zone.
13:42 of 2nd period - Snap shot by Alex DeBrincat.
13:42 of 2nd period - Deflect By Connor McDavid.
13:42 of 2nd period - Shot Hit the Post.
13:42 of 2nd period - Puck is out of play.
13:43 of 2nd period - Nick Suzuki wins face-off versus Mikael Backlund in Edmonton Oilers zone.
14:08 of 2nd period - Brock Boeser is hit by Barclay Goodrow.
14:12 of 2nd period - Snap shot by Evan Bouchard.
14:12 of 2nd period - Deflect By Matthew Beniers.
14:12 of 2nd period - Stopped by Spencer Knight without a rebound.
14:13 of 2nd period - Matthew Beniers wins face-off versus Adrian Kempe in Winnipeg Jets zone.
14:13 of 2nd period - Matthew Beniers is hit by David Perron.
14:30 of 2nd period - Snap shot by David Perron.
14:30 of 2nd period - Deflect By Adrian Kempe.
14:30 of 2nd period - Shot Misses the Net.
14:30 of 2nd period - Puck is out of play.
14:31 of 2nd period - Connor McDavid wins face-off versus Mikael Backlund in Winnipeg Jets zone.
15:00 of 2nd period - Wrist shot by Nick Suzuki.
15:00 of 2nd period - Deflect By Andrew Cogliano.
15:00 of 2nd period - Shot Misses the Net.
15:00 of 2nd period - Puck is out of play.
15:01 of 2nd period - Boone Jenner wins face-off versus Nick Suzuki in Edmonton Oilers zone.
15:01 of 2nd period - Boone Jenner is hit by Nick Suzuki.
15:07 of 2nd period - Snap shot by Adrian Kempe.
15:07 of 2nd period - Stopped by Spencer Knight without a rebound.
15:07 of 2nd period - Nick Suzuki beats up Rasmus Ristolainen.
15:07 of 2nd period - Penalty to Nick Suzuki for Fighting.
15:07 of 2nd period - Penalty to Rasmus Ristolainen for Fighting.
15:08 of 2nd period - Matthew Beniers wins face-off versus Adrian Kempe in Winnipeg Jets zone.
15:14 of 2nd period - Off-side.
15:15 of 2nd period - Matthew Beniers wins face-off versus Boone Jenner in neutral zone.
15:23 of 2nd period - Snap shot by Boone Jenner.
15:23 of 2nd period - Stopped by Spencer Knight without a rebound.
15:24 of 2nd period - Connor McDavid wins face-off versus Mikael Backlund in Winnipeg Jets zone.
15:29 of 2nd period - Jacob Trouba is hit by Nathan Beaulieu and loses puck.
15:52 of 2nd period - Slapshot by Brock Boeser.
15:52 of 2nd period - Stopped by Spencer Knight with a rebound.
16:16 of 2nd period - Snap shot by Blake Wheeler.
16:16 of 2nd period - Stopped by Spencer Knight with a rebound.
16:57 of 2nd period - Snap shot by Jake DeBrusk.
16:57 of 2nd period - Shot Misses the Net.
17:03 of 2nd period - Minor Penalty to Barclay Goodrow for Hooking.
17:04 of 2nd period - Alex DeBrincat wins face-off versus Boone Jenner in Winnipeg Jets zone.
17:42 of 2nd period - Joel Armia is hit by Boone Jenner and loses puck.
18:07 of 2nd period - Dylan Samberg is hit by Boone Jenner and loses puck.
18:12 of 2nd period - Wrist shot by Boone Jenner.
18:12 of 2nd period - Goal by Boone Jenner - Edmonton Oilers : 4 - Winnipeg Jets : 2.
18:13 of 2nd period - Derek Grant wins face-off versus Matthew Beniers in neutral zone.
Goals for this period are 3 for Edmonton Oilers vs 2 for Winnipeg Jets.
Shots for this period are 25 for Edmonton Oilers vs 7 for Winnipeg Jets.
3rd period
0:01 of 3rd period - Matthew Beniers wins face-off versus Boone Jenner in neutral zone.
0:06 of 3rd period - Wrist shot by Matthew Beniers.
0:06 of 3rd period - Shot Misses the Net.
0:32 of 3rd period - Snap shot by Lucas Raymond.
0:32 of 3rd period - Shot Blocked by Mikael Backlund.
0:34 of 3rd period - Slapshot by Jordan Harris.
0:34 of 3rd period - Shot Misses the Net.
0:36 of 3rd period - Backhand shot by Jordan Harris.
0:36 of 3rd period - Shot Misses the Net.
0:38 of 3rd period - Slapshot by Jordan Harris.
0:38 of 3rd period - Stopped by Juuse Saros with a rebound.
1:08 of 3rd period - Jacob Trouba is hit by Joel Armia and loses puck.
1:24 of 3rd period - Double Minor Penalty to David Perron for Roughing.
1:25 of 3rd period - Connor McDavid wins face-off versus Derek Grant in Edmonton Oilers zone.
1:54 of 3rd period - Wrist shot by Kaapo Kakko.
1:54 of 3rd period - Shot Misses the Net.
2:16 of 3rd period - Lucas Raymond is hit by Tanner Jeannot and loses puck.
2:39 of 3rd period - Rasmus Ristolainen is hit by Nick Suzuki and loses puck.
4:12 of 3rd period - Dylan Samberg is hit by Mikael Backlund and loses puck.
5:24 of 3rd period - Penalty to David Perron is over, David Perron is back on ice.
5:34 of 3rd period - Wrist shot by David Perron.
5:34 of 3rd period - Shot Blocked by Nathan Beaulieu.
5:36 of 3rd period - Wrist shot by Jake DeBrusk.
5:36 of 3rd period - Shot Misses the Net.
5:38 of 3rd period - Snap shot by Jake DeBrusk.
5:38 of 3rd period - Goal by Jake DeBrusk - Edmonton Oilers : 5 - Winnipeg Jets : 2.
5:39 of 3rd period - Connor McDavid wins face-off versus Boone Jenner in neutral zone.
5:44 of 3rd period - Slapshot by Lucas Raymond.
5:44 of 3rd period - Shot Misses the Net.
6:26 of 3rd period - Icing by Jeff Carter.
6:27 of 3rd period - Matthew Beniers wins face-off versus Jeff Carter in Edmonton Oilers zone.
6:32 of 3rd period - Slapshot by Joel Armia.
6:32 of 3rd period - Stopped by Juuse Saros without a rebound.
6:33 of 3rd period - Nick Suzuki wins face-off versus Boone Jenner in Edmonton Oilers zone.
7:21 of 3rd period - Minor Penalty to Evan Bouchard for Interference.
7:22 of 3rd period - Connor McDavid wins face-off versus Derek Grant in Edmonton Oilers zone.
7:56 of 3rd period - Snap shot by Nick Suzuki.
7:56 of 3rd period - Stopped by Juuse Saros without a rebound.
7:57 of 3rd period - Connor McDavid wins face-off versus Derek Grant in Edmonton Oilers zone.
8:24 of 3rd period - Rasmus Ristolainen is hit by Calen Addison and loses puck.
9:21 of 3rd period - Penalty to Evan Bouchard is over, Evan Bouchard is back on ice.
9:28 of 3rd period - Scott Mayfield is hit by Matthew Beniers and loses puck.
10:01 of 3rd period - Snap shot by Matthew Beniers.
10:01 of 3rd period - Shot Misses the Net.
10:07 of 3rd period - Matthew Beniers is hit by David Perron and loses puck.
10:20 of 3rd period - Wrist shot by Evan Bouchard.
10:20 of 3rd period - Stopped by Spencer Knight without a rebound.
10:21 of 3rd period - Nick Suzuki wins face-off versus Jeff Carter in Winnipeg Jets zone.
10:21 of 3rd period - Nick Suzuki is hit by Jacob Trouba.
10:27 of 3rd period - Slapshot by Dante Fabbro.
10:27 of 3rd period - Deflect By Nick Suzuki.
10:27 of 3rd period - Shot Misses the Net.
10:27 of 3rd period - Puck is out of play.
10:28 of 3rd period - Nick Suzuki wins face-off versus Jeff Carter in Edmonton Oilers zone.
10:35 of 3rd period - Slapshot by Nick Suzuki.
10:35 of 3rd period - Shot Misses the Net.
11:32 of 3rd period - David Perron is hit by Barclay Goodrow and loses puck.
11:52 of 3rd period - Minor Penalty to Blake Wheeler for Holding.
11:53 of 3rd period - Connor McDavid wins face-off versus Derek Grant in Edmonton Oilers zone.
12:04 of 3rd period - Tanner Jeannot is hit by Connor McDavid and loses puck.
12:44 of 3rd period - Snap shot by Alex Iafallo.
12:44 of 3rd period - Shot Blocked by Calen Addison.
12:46 of 3rd period - Snap shot by Scott Mayfield.
12:46 of 3rd period - Deflect By Calen Addison.
12:46 of 3rd period - Stopped by Spencer Knight without a rebound.
12:47 of 3rd period - Jeff Carter wins face-off versus Connor McDavid in Winnipeg Jets zone.
13:32 of 3rd period - Derek Grant is hit by Dante Fabbro and loses puck.
13:52 of 3rd period - Penalty to Blake Wheeler is over, Blake Wheeler is back on ice.
14:05 of 3rd period - Snap shot by Alex Iafallo.
14:05 of 3rd period - Stopped by Spencer Knight with a rebound.
14:13 of 3rd period - Wrist shot by Joel Armia.
14:13 of 3rd period - Stopped by Juuse Saros without a rebound.
14:14 of 3rd period - Adrian Kempe wins face-off versus Sam Steel in Edmonton Oilers zone.
14:46 of 3rd period - Slapshot by Lucas Raymond.
14:46 of 3rd period - Shot Misses the Net.
14:48 of 3rd period - Snap shot by Connor McDavid.
14:48 of 3rd period - Stopped by Juuse Saros without a rebound.
14:49 of 3rd period - Mikael Backlund wins face-off versus Nick Suzuki in Edmonton Oilers zone.
14:49 of 3rd period - Mikael Backlund is hit by Andrew Cogliano.
15:01 of 3rd period - Wrist shot by Mikael Backlund.
15:01 of 3rd period - Stopped by Spencer Knight with a rebound.
15:21 of 3rd period - Wrist shot by Connor McDavid.
15:21 of 3rd period - Shot Misses the Net.
15:23 of 3rd period - Snap shot by Dante Fabbro.
15:23 of 3rd period - Shot Misses the Net.
15:34 of 3rd period - Off-side.
15:35 of 3rd period - Alex Iafallo wins face-off versus Joel Armia in neutral zone.
15:46 of 3rd period - Wrist shot by Alex Iafallo.
15:46 of 3rd period - Stopped by Spencer Knight with a rebound.
15:48 of 3rd period - Minor Penalty to Dylan Samberg for Roughing.
15:49 of 3rd period - Boone Jenner wins face-off versus Alex DeBrincat in Winnipeg Jets zone.
17:48 of 3rd period - Penalty to Dylan Samberg is over, Dylan Samberg is back on ice.
18:03 of 3rd period - Dylan Samberg is hit by Tanner Jeannot and loses puck.
19:05 of 3rd period - Minor Penalty to Blake Wheeler for Hooking.
19:06 of 3rd period - Derek Grant wins face-off versus Connor McDavid in Edmonton Oilers zone.
19:23 of 3rd period - Snap shot by Connor McDavid.
19:23 of 3rd period - Shot Hit the Post.
19:37 of 3rd period - Snap shot by Jeff Carter.
19:37 of 3rd period - Stopped by Spencer Knight with a rebound.
Goals for this period are 1 for Edmonton Oilers vs 0 for Winnipeg Jets.
Shots for this period are 7 for Edmonton Oilers vs 5 for Winnipeg Jets.
Back to the Top